 Dungeon Crawl Stone Soup version 0.31-a0-716-gc7603755dd (webtiles) character file.

Game seed: 7254126799781713890

17325 tilp the Covert (level 12, -8/92 HPs)
             Began as a Vampire Enchanter on Sept 1, 2023.
             Was a Priest of Wu Jian.
             Mangled by a death yak (22 damage)
             ... on level 1 of the Lair of Beasts on Sept 10, 2023.
             The game lasted 00:29:04 (13743 turns).

tilp the Covert (Vampire Enchanter)                Turns: 13743, Time: 00:29:05

Health: -8/92      AC: 10    Str: 10    XL:     12   Next: 17%
Magic:  21/21      EV: 18    Int: 22    God:    Wu Jian [***...]
Gold:   409        SH:  4    Dex: 15    Spells: 12/23 levels left

rFire   . . .        a - +2 dagger
rCold   . . .        J - +0 buckler
rNeg    . . .        r - +2 leather armour {Will+}
rPois   +            m - +1 hat {Will+}
rElec   .            v - +0 cloak
rCorr   .            h - +2 pair of gloves {Str+3}
SInv    +            (no boots)
Will    +++..        u - amulet of magic regeneration
Stlth   +++++        d - +5 ring of evasion
HPRegen 0.55/turn    M - ring of poison resistance
MPRegen 0.57/turn

%: no passive effects
@: healing quickly
A: alive, fangs 3, see invisible, vampiric 2
a: Exsanguinate, Renounce Religion, Wall Jump, Serpent's Lash


You were on level 1 of the Lair of Beasts.
You worshipped Wu Jian.
Wu Jian was most pleased with you.
You visited 3 branches of the dungeon, and saw 13 of its levels.

You collected 1499 gold pieces.
You spent 1090 gold pieces at shops.

Inventory:

Hand Weapons
 a - a +2 dagger (weapon)
 b - a +0 antimagic dagger
 p - a +2 dagger of distortion
Missiles
 l - 8 curare-tipped darts
 n - 23 poisoned darts (quivered)
 D - 12 boomerangs
Armour
 h - a +2 pair of gloves of strength (worn)
 m - a +1 hat of willpower (worn)
 r - a +2 leather armour of willpower (worn)
 v - a +0 cloak (worn)
 J - a +0 buckler (worn)
 K - a +0 robe of cold resistance
 Q - a +0 helmet
Jewellery
 d - a +5 ring of evasion (left hand)
 j - an amulet of reflection
 s - a ring of magical power
 u - an amulet of magic regeneration (around neck)
 M - a ring of poison resistance (right hand)
Wands
 i - a wand of roots (3)
 y - a wand of paralysis (47)
 L - a wand of flame (45)
 O - a wand of polymorph (3)
Scrolls
 f - 3 scrolls of revelation
 g - 3 scrolls of teleportation
 w - 2 scrolls of fear
 A - 8 scrolls of identify
 B - 4 scrolls of poison
 C - a scroll of fog
 H - a scroll of amnesia
 I - 2 scrolls of noise
 N - a scroll of torment
Potions
 c - 3 potions of invisibility
 e - 2 potions of brilliance
 k - 5 potions of might
 o - 2 potions of lignification
 q - a potion of haste
 t - a potion of ambrosia
 z - 5 potions of enlightenment
 E - 6 potions of mutation
 F - 2 potions of berserk rage
 G - 3 potions of attraction
 P - a potion of cancellation {unknown}
 R - a potion of curing
Miscellaneous
 S - a condenser vane (inert)


   Skills:
 * Level 8.1 Fighting
 - Level 10.0 Short Blades
 + Level 3.3 Armour
 + Level 6.0 Dodging
 + Level 11.8 Stealth
 - Level 2.0 Shields
 + Level 6.3 Spellcasting
 - Level 2.0 Conjurations
 * Level 11.6 Hexes
 + Level 3.9 Ice Magic
 - Level 4.0 Evocations


You had 12 spell levels left.
You knew the following spells:

 Your Spells              Type           Power      Damage    Failure   Level
a - Ensorcelled Hibernat  Hex/Ice        82%        N/A       1%          2
b - Confusing Touch       Hex            55%        N/A       1%          3
c - Tukima's Dance        Hex            55%        N/A       1%          3
d - Dazzling Flash        Conj/Hex       72%        N/A       3%          3

Your spell library contained the following spells:

 Spells                   Type           Power      Damage    Failure   Level
 Portal Projectile        Hex/Tloc       64%        N/A       4%          3
 Kiss of Death            Conj/Necr      44%        2d8       12%         1
 Sandblast                Erth           12%        2d6       17%         1
 Static Discharge         Conj/Air       22%        2-3/arc   17%         2
 Passwall                 Tmut/Erth      5%         N/A       26%         2
 Sublimation of Blood     Necr           6%         N/A       26%         2
 Stone Arrow              Conj/Erth      22%        3d8       34%         3
 Iskenderun's Mystic Bla  Conj/Tloc      11%        2d4       75%         4
 Airstrike                Air            3%         2d(1-17)  86%         4
 Dispel Undead            Necr           6%         3d8       86%         4
 Petrify                  Tmut/Erth      6%         N/A       86%         4
 Summon Lightning Spire   Summ/Air       6%         N/A       86%         4
 Irradiate                Conj/Tmut      5%         3d13      97%         5


Dungeon Overview and Level Annotations

Branches:
Dungeon (11/15)            Temple (1/1) D:6            Lair (1/5) D:8
    Orc (0/2) D:11

Altars:
Ashenzari
Cheibriados
Dithmenos
Fedhas
Gozag
Hepliaklqana
Kikubaaqudgha
Makhleb
Nemelex Xobeh
Okawaru
Qazlal
Ru
Sif Muna
Trog
Uskayaw
Vehumet
Wu Jian
Xom
Yredelemnul

Shops:
D:2 !*   D:3 ?   D:9 :

Annotations:
D:9 several hex mega-spellbooks


Innate Abilities, Weirdness & Mutations

Your natural rate of healing is accelerated.
You have razor-sharp teeth.
You have supernaturally acute eyesight. (SInv)
You are afflicted with vampirism and can become a bat while bloodless.


Message History

The death yak misses you.
You hit the death yak but do no damage.
The death yak is heavily wounded.
The grasping roots constrict the death yak. x2
You hit the death yak but do no damage.
You bite the death yak, but do no damage.
The death yak is severely wounded.
The grasping roots constrict the death yak!
The grasping roots constrict the death yak.
The roots release their grip on the death yak.
The death yak gores you!
* * * LOW HITPOINT WARNING * * *
You hit the death yak but do no damage.
The death yak is severely wounded.
The grasping roots constrict the death yak.
You hit the death yak but do no damage.
The death yak is severely wounded.
The grasping roots constrict the death yak.
The roots release their grip on the death yak.
The death yak closely misses you.
You hit the death yak but do no damage. You bite the death yak.
The death yak is almost dead.
The death yak gores you.
* * * LOW HITPOINT WARNING * * *
Unknown command.
You hit the death yak but do no damage.
You bite the death yak, but do no damage.
The death yak is almost dead.
You puncture the death yak!
The death yak is almost dead.
The death yak barely misses you.
You hit the death yak but do no damage.
You bite the death yak, but do no damage.
The death yak is almost dead.
You hit the death yak but do no damage.
The death yak is almost dead.
You hit the death yak.
The death yak is moderately wounded.
The death yak gores you!!
You die...

####### ......# #####.## ### ###
#####.P###.###########.#
................@Y.(...######..##
÷..........####.Y###......†......
..............[.#####..#..#######
÷.#......#.##.#.###.....######
##...#...#.##.#.........##...####
##...##.........................#
.........#....<...............#.#
.........########...###.#.....#..
.......#.## #.#..##.#....##.#


You could see 2 death yaks.

Vanquished Creatures
  Gastronok (D:8)
  3 death yaks (Lair:1)
  3 two-headed ogres
  Sonja (D:11)
  Amaemon (D:9)
  A manticore (D:10)
  A cyclops (D:11)
  Jeremiah (D:8)
  Maggie (D:8)
  An orange demon (D:10)
  A cane toad (Lair:1)
  A gargoyle (D:10)
  Psyche (D:8)
  A polar bear (Lair:1)
  A troll (D:8)
  5 blink frogs (Lair:1)
  4 dream sheep (Lair:1)
  Sigmund (D:3)
  9 yaks
  2 wyverns
  A steam dragon (D:10)
  A warg (D:10)
  2 acid dragons
  2 water moccasins (Lair:1)
  3 black bears
  7 orc warriors
  2 ogres
  4 centaurs
  9 wolves
  3 phantoms
  2 kobold brigands
  5 bullfrogs
  2 gnoll sergeants
  2 scorpions
  4 killer bees (D:9)
  5 electric eels (D:8)
  2 howler monkeys (D:10)
  9 hounds
  2 jellies (D:7)
  6 orc priests
  A gnoll bouda (D:7)
  Crazy Yiuf (D:3)
  6 iguanas
  A sleepcap (D:5)
  11 orc wizards
  4 adders
  16 gnolls
  2 shadow imps (D:8)
  3 white imps
  A worm (D:5)
  3 dart slugs
  42 orcs
  5 bats
  9 endoplasms
  8 goblins
  10 hobgoblins
  A jackal (D:3)
  3 quokkas (D:1)
  10 ball pythons
  3 frilled lizards
  12 kobolds
  4 rats
269 creatures vanquished.

Notes
Turn   | Place    | Note
-------+----------+-------------------------------------------
     0 | D:1      | tilp the Vampire Enchanter began the quest for the Orb.
     0 | D:1      | Reached XP level 1. HP: 13/13 MP: 3/3
   181 | D:1      | Reached XP level 2. HP: 19/20 MP: 5/5
   184 | D:1      | Learned a level 2 spell: Ensorcelled Hibernation
   993 | D:1      | Reached skill level 1 in Fighting
  1206 | D:2      | Gained mutation: You are afflicted with vampirism and can
                  | become a bat while bloodless. [Vampire growth]
  1206 | D:2      | Reached XP level 3. HP: 26/26 MP: 3/6
  1214 | D:2      | Learned a level 3 spell: Confusing Touch
  1532 | D:2      | Found Ryrphiph's Assorted Antiques.
  1540 | D:2      | Bought a scroll labelled KOKHIO PU PELISTU for 33 gold
                  | pieces
  1540 | D:2      | Bought a sedimented pink potion for 29 gold pieces
  1678 | D:2      | Found an iron altar of Okawaru.
  1759 | D:2      | Reached skill level 5 in Stealth
  1759 | D:2      | Reached XP level 4. HP: 17/32 MP: 0/7
  1895 | D:2      | Reached skill level 5 in Hexes
  2066 | D:2      | Reached XP level 5. HP: 38/38 MP: 1/8
  2070 | D:2      | Learned a level 3 spell: Tukima's Dance
  2214 | D:2      | Found Degh's Distillery.
  2221 | D:2      | Bought a potion of curing for 42 gold pieces
  2221 | D:2      | Bought a potion of degeneration for 14 gold pieces
  2223 | D:2      | Acquired 638 gold pieces
  2277 | D:2      | Bought a pair of glowing gloves for 247 gold pieces
  2335 | D:2      | Bought a potion of heal wounds for 70 gold pieces
  2335 | D:2      | Bought a potion of lignification for 42 gold pieces
  2335 | D:2      | Bought a potion of resistance for 140 gold pieces
  2335 | D:2      | Bought a potion of haste for 140 gold pieces
  2685 | D:3      | Noticed Sigmund
  2717 | D:3      | Killed Sigmund
  2718 | D:3      | Reached XP level 6. HP: 46/46 MP: 0/10
  3128 | D:3      | Found Waaclos's Magic Scroll Shoppe.
  3168 | D:3      | Found a runed translucent door.
  3169 | D:3      | Noticed Crazy Yiuf
  3435 | D:3      | Killed Crazy Yiuf
  3658 | D:3      | Bought a scroll of blinking for 82 gold pieces
  3905 | D:4      | Reached XP level 7. HP: 23/52 MP: 0/11
  4674 | D:3      | Bought a scroll of fog for 44 gold pieces
  4674 | D:3      | Bought a scroll of poison for 44 gold pieces
  4760 | D:5      | Entered Level 5 of the Dungeon
  5021 | D:5      | Reached skill level 5 in Short Blades
  5094 | D:5      | Reached XP level 8. HP: 60/60 MP: 2/13
  5673 | D:5      | Reached skill level 1 in Evocations
  6037 | D:2      | Bought a potion of attraction for 42 gold pieces
  6117 | D:6      | Identified the +7 scale mail "Lesi" {Str+2 Int+4 Dex-2}
  6587 | D:6      | Learned a level 3 spell: Dazzling Flash
  7061 | D:6      | Reached skill level 5 in Fighting
  7087 | D:6      | Found a staircase to the Ecumenical Temple.
  7219 | D:3      | Bought a scroll of identify for 22 gold pieces
  7219 | D:3      | Bought 3 scrolls of identify for 66 gold pieces
  7219 | D:3      | Bought a scroll of teleportation for 33 gold pieces
  7387 | Temple   | Entered the Ecumenical Temple
  7398 | Temple   | Became a worshipper of the Wu Jian Council
  7606 | D:7      | Reached XP level 9. HP: 68/68 MP: 12/15
  8576 | D:8      | Found a staircase to the Lair.
  8576 | D:8      | Noticed Psyche
  8581 | D:8      | Noticed a troll
  8589 | D:8      | Paralysed by Psyche for 2 turns
  8634 | D:8      | Killed Psyche
  8732 | D:8      | Noticed Maggie
  8749 | D:8      | Upgraded the game from 0.31-a0-662-g684573625c to
                  | 0.31-a0-716-gc7603755dd
  8880 | D:8      | Noticed Gastronok
  8939 | D:8      | Killed Gastronok
  8940 | D:8      | Reached skill level 10 in Stealth
  8940 | D:8      | Reached skill level 5 in Spellcasting
  8940 | D:8      | Reached XP level 10. HP: 35/76 MP: 17/17
  9322 | D:8      | Killed Maggie
  9323 | D:8      | Reached skill level 10 in Short Blades
  9919 | D:8      | Noticed Jeremiah
  9925 | D:8      | Killed Jeremiah
  9972 | D:8      | Found a broken altar of Ashenzari.
  9975 | D:8      | Found a bloodstained altar of Trog.
  9980 | D:8      | Found a shadowy altar of Dithmenos.
 10194 | D:9      | Reached skill level 1 in Conjurations
 10220 | D:9      | Found Aroxziy's Tremendous Tomes.
 10356 | D:9      | Reached * piety under Wu Jian
 10357 | D:9      | Reached skill level 1 in Ice Magic
 10405 | D:9      | Reached skill level 1 in Shields
 10406 | D:9      | Noticed a two-headed ogre
 10407 | D:9      | Reached skill level 1 in Armour
 10416 | D:9      | Killed a two-headed ogre
 10935 | D:10     | Entered Level 10 of the Dungeon
 11021 | D:10     | Noticed Amaemon
 11026 | D:10     | Noticed an orange demon
 11066 | D:9      | Killed Amaemon
 11067 | D:9      | Reached XP level 11. HP: 33/83 MP: 19/19
 11474 | D:10     | Noticed a two-headed ogre
 11482 | D:10     | Killed a two-headed ogre
 11517 | D:10     | Reached ** piety under Wu Jian
 11518 | D:10     | Reached skill level 5 in Dodging
 11808 | D:11     | Noticed Sonja
 11814 | D:11     | Killed Sonja
 11815 | D:11     | Reached skill level 10 in Hexes
 11843 | D:11     | Found a staircase to the Orcish Mines.
 12614 | D:11     | Noticed a two-headed ogre
 12620 | D:11     | Killed a two-headed ogre
 12908 | Lair:1   | Entered Level 1 of the Lair of Beasts
 13116 | Lair:1   | Reached *** piety under Wu Jian
 13328 | Lair:1   | Reached XP level 12. HP: 32/92 MP: 7/21
 13683 | Lair:1   | Noticed a death yak
 13684 | Lair:1   | Noticed a death yak
 13685 | Lair:1   | Noticed a death yak
 13687 | Lair:1   | Noticed a death yak
 13688 | Lair:1   | Noticed a death yak
 13695 | Lair:1   | Killed a death yak
 13698 | Lair:1   | Killed a death yak
 13701 | Lair:1   | Killed a death yak
 13743 | Lair:1   | Mangled by a death yak

Illustrated notes

Levels and vault maps discovered:
D:1:      matt_arrival_grand_opening, layout_loops_ring, serial_bayou_lake_a
D:2:      cheibrodos_pilgrimage, layout_basic, serial_shops, nicolae_shop_trees,
          nicolae_lakefront_shop, basic_altar
D:3:      layout_basic, serial_shops, shop_statue, minmay_distorted,
          uniq_sigmund, uniq_crazy_yiuf_cottage
D:4:      layout_basic
D:5:      layout_layer_cave, chequers_hall_statues_wall_a
D:6:      layout_gridville, minmay_temple_entry_junction
D:7:      layout_loops_cross
D:8:      layout_cave_pods, grunt_temple_overflow_diamond, erik_lair_island,
          uniq_jeremiah, uniq_maggie, uniq_gastronok, uniq_psyche
D:9:      layout_irregular_city, nicolae_shop_i_like_big_books
D:10:     layout_cave_pools, uniq_amaemon
D:11:     layout_irregular_city, erik_orc_4, blue_anna_alchemist, uniq_sonja
Temple:   hellmonk_temple_of_storms
Lair:1:   layout_loops_ring

Skill      XL: |  1  2  3  4  5  6  7  8  9 10 11 12 |
---------------+-------------------------------------+-----
Fighting       | 1 2 3 4 5 6 7 8 |  8.1
Short Blades   | 2 3 4 5 6 9 10 | 10.0
Stealth        | 5 6 8 10 11 | 11.8
Hexes          | 5 6 7 8 9 11 | 11.6
Dodging        | 3 4 5 6 |  6.0
Spellcasting   | 3 4 5 6 |  6.3
Evocations     | 2 4 |  4.0
Conjurations   | 2 |  2.0
Ice Magic      | 2 3 |  3.9
Shields        | 1 2 |  2.0
Armour         | 1 3 |  3.3

Action                     |  1- 3 |  4- 6 |  7- 9 | 10-12 || total
---------------------------+-------+-------+-------+-------++-------
  Melee: Dagger            |    63 |   127 |   275 |   376 ||   841
         Bite              |     4 |    11 |    35 |    40 ||    90
         Punch             |       |     1 |     6 |       ||     7
  Throw: Dart              |       |     3 |     1 |     3 ||     7
   Cast: Ensorcelled Hiber |    18 |    27 |    87 |   122 ||   254
         Confusing Touch   |       |     1 |    10 |     5 ||    16
         Dazzling Flash    |       |       |     2 |    34 ||    36
         Tukima's Dance    |       |       |     4 |     3 ||     7
Ability: Lunge             |       |       |     8 |    37 ||    45
         Whirlwind         |       |       |       |     4 ||     4
  Evoke: Wand              |       |       |       |    10 ||    10
         Condenser vane    |       |       |       |     1 ||     1
    Use: Scroll            |     6 |     4 |     6 |     4 ||    20
         Potion            |       |       |       |     8 ||     8
   Stab: Sleeping          |    21 |    19 |    53 |    81 ||   174
         Confused          |       |     1 |     9 |     5 ||    15
         Invisible         |       |       |       |    17 ||    17
         Distracted        |       |       |       |     1 ||     1
 Armour: Robe              |    18 |    22 |       |       ||    40
         Leather armour    |       |     1 |   105 |   142 ||   248
         Skin              |       |       |       |    38 ||    38
  Dodge: Dodged            |    37 |    71 |   195 |   257 ||   560
  Block: Other             |     4 |    17 |    60 |       ||    81
         Reflection        |     1 |       |       |       ||     1
         Buckler           |       |       |    10 |    61 ||    71

Table legend: (Time is in decaauts)
 A = Elapsed time spent in this place.
 B = Non-inter-level travel time spent in this place.
 C = Inter-level travel time spent in this place.
 D = Time resting spent in this place.
 E = Time spent auto-exploring this place.
 F = Levels seen in this place.
 G = Mean time per level.
                   A        B        C        D        E       F      G
               +--------+--------+--------+--------+--------+-----+--------+
         Total |  13585 |  12205 |   1380 |   1549 |   8097 |  13 | 1045.0 |
       Dungeon |  12758 |  11400 |   1358 |   1437 |   7596 |  11 | 1159.8 |
        Temple |     22 |      1 |     21 |      0 |      0 |   1 |   22.0 |
          Lair |    804 |    804 |      0 |    112 |    501 |   1 |  804.0 |
               +--------+--------+--------+--------+--------+-----+--------+

Top non-repeatable levels by time:
     D:8: 1655 daAuts
     D:3: 1506 daAuts
     D:6: 1242 daAuts
     D:1: 1231 daAuts
     D:2: 1201 daAuts
     D:5: 1179 daAuts
     D:4: 1146 daAuts
     D:9: 989 daAuts
     D:7: 978 daAuts
    D:11: 898 daAuts
  Lair:1: 804 daAuts
    D:10: 728 daAuts
  Temple: 22 daAuts
